 Dungeon Crawl Stone Soup version 0.29-a0-266-gf56f883ddd (webtiles) character file.

Game seed: 9940889921613112530

948 Hofan the Covert (level 7, -2/48 HPs)
             Began as a Spriggan Enchanter on Mar 6, 2022.
             Was an Initiate of Dithmenos.
             Slain by a white imp (4 damage)
             ... on level 6 of the Dungeon.
             The game lasted 00:20:28 (6235 turns).

Hofan the Covert (Spriggan Enchanter)               Turns: 6235, Time: 00:20:29

Health: -2/48      AC:  3    Str:  6    XL:     7   Next: 89%
Magic:  16/18      EV: 18    Int: 16    God:    Dithmenos [......]
Gold:   244        SH:  0    Dex: 21    Spells: 9/20 levels left

rFire   . . .      SeeInvis +   a - +1 dagger
rCold   . . .      Faith    .   (no shield)
rNeg    . . .      Spirit   .   e - +1 robe of Ijuemak {Dex+5}
rPois   .          Reflect  .   (helmet restricted)
rElec   .          Harm     .   (no cloak)
rCorr   .          Rampage  .   (gloves unavailable)
Will    +....                   (boots unavailable)
Stlth   ..........              h - amulet of magic regeneration
HPRegen 0.16/turn               (no ring)
MPRegen 0.56/turn               (no ring)

@: berserking, very quick
A: very small, no large weapons, unfitting armour, see invisible, speed 3
a: Renounce Religion


You were on level 6 of the Dungeon.
You worshipped Dithmenos.
Dithmenos was noncommittal.
You visited 2 branches of the dungeon, and saw 7 of its levels.

You collected 244 gold pieces.

Inventory:

Hand Weapons
 a - a +1 dagger (weapon)
Armour
 e - the +1 robe of Ijuemak (worn) {Dex+5}
   (You found it on level 3 of the Dungeon)

   Dex:       It affects your dexterity (+5).
Jewellery
 h - an amulet of magic regeneration (around neck)
Wands
 n - a wand of mindburst (4)
Scrolls
 d - 2 scrolls of teleportation
 m - a scroll of magic mapping
Potions
 b - 2 potions of ambrosia
 c - 2 potions of invisibility
 f - a potion of berserk rage
 g - a potion of cancellation
 i - a potion of lignification
 j - a potion of brilliance
 k - a potion of haste {unknown}
 l - 3 potions of curing {unknown}


   Skills:
 - Level 1.1 Short Blades
 - Level 2.6 Dodging
 + Level 8.2 Stealth
 + Level 7.2 Spellcasting
 + Level 7.6 Hexes


You had 9 spell levels left.
You knew the following spells:

 Your Spells              Type           Power      Damage    Failure   Level
a - Ensorcelled Hibernat  Hex/Ice        36%        N/A       3%          2
b - Tukima's Dance        Hex            30%        N/A       1%          3
c - Dazzling Flash        Conj/Hex       36%        N/A       8%          3
d - Confusing Touch       Hex            30%        N/A       1%          3

Your spell library contained the following spells:

 Spells                   Type           Power      Damage    Failure   Level
 Sting                    Tmut/Pois      20%        1d4       12%         1
 Poisonous Vapours        Pois/Air       10%        N/A       19%         2
 Gell's Gravitas          Tloc           5%         N/A       36%         3
 Lesser Beckoning         Tloc           5%         N/A       36%         3
 Teleport Other           Tloc           5%         N/A       36%         3
 Olgreb's Toxic Radiance  Pois           5%         N/A       77%         4
 Conjure Ball Lightning   Conj/Air       2%         3x3d6     100%        6
 Dispersal                Tloc           2%         N/A       100%        6
 Discord                  Hex            15%        N/A       100%        8
 Disjunction              Tloc           2%         N/A       100%        8


Dungeon Overview and Level Annotations

Branches:
Dungeon (6/15)             Temple (1/1) D:4

Altars:
Cheibriados
Dithmenos
Kikubaaqudgha
Okawaru
Qazlal
Sif Muna
Uskayaw
Vehumet
Xom
Yredelemnul

Shops:
D:1 [

Annotations:
D:4 1 runed translucent door, iamserjio's ghost, weakling TeFE


Innate Abilities, Weirdness & Mutations

You are very small and have problems with some larger weapons.
You are too small for most types of armour.
You have supernaturally acute eyesight. (SInv)
You cover ground extremely quickly. (Speed+++)


Message History

The white imp gestures at you. The puff of frost misses you.
The hound bites you.
Casting: Ensorcelled Hibernation (safe; 4% risk of failure)
Confirm with . or Enter, or press ? or * to list all spells.
Aiming: Ensorcelled Hibernation (safe; 4% risk of failure)
Press: ? - help, Shift-Dir - straight line, f/p - hound
Aim: a hound (chance to affect: 59%)
The hound looks drowsy...
The white imp gestures at you. The puff of frost hits you.
Unknown command.
The helpless hound fails to defend itself.
You stick the hound like a pincushion!!!
You kill the hound!
Dithmenos accepts your kill. The white imp hits you. The white imp freezes you.
Casting: Ensorcelled Hibernation (safe; 3% risk of failure)
Confirm with . or Enter, or press ? or * to list all spells.
Your hands begin to glow red.
The white imp closely misses you.
Unknown command.
You hit the white imp but do no damage. The white imp barely misses you.
You hit the white imp but do no damage. The white imp gestures at you.
The puff of frost hits you!
* * * LOW HITPOINT WARNING * * *
Okay, then.
Unknown command.
You barely miss the white imp. The white imp hits you.
* * * LOW HITPOINT WARNING * * *
The white imp freezes you.
* * * LOW HITPOINT WARNING * * *
Your magical contamination has completely faded away.
It was a potion of berserk rage.
A red film seems to cover your vision as you go berserk!
You feel yourself moving faster!
You feel mighty! The white imp misses you.
You barely miss the white imp. The white imp misses you.
You hit the white imp but do no damage. You hit the white imp but do no damage.
The white imp appears confused.
The white imp hits you.
You die...

#..... #...........#
#.....##......$<...#
##..................#
........#...........#
###.###.#...........#
# #<#.#...........#
#.#.#...........#
#...#...........#
#####......@5...#
..............#
###.#.######### #.#.#
#.#.# #.


You could see a white imp (confused).

Vanquished Creatures
  Grinder (D:5)
  2 ice beasts (D:5)
  An ogre (D:4)
  A scorpion (D:4)
  2 jellies
  A hound (D:6)
  Jessica (D:2)
  Terence (D:2)
  3 orc wizards (D:5)
  Robin (D:4)
  3 gnolls (D:4)
  6 adders
  A worm (D:4)
  3 dart slugs
  13 orcs
  6 bats
  7 endoplasms
  3 giant cockroaches
  12 goblins
  13 hobgoblins
  3 jackals (D:3)
  4 quokkas
  6 ball pythons
  6 frilled lizards
  7 kobolds
  3 rats
110 creatures vanquished.

Vanquished Creatures (collateral kills)
  An endoplasm (D:1)
  A kobold (D:1)
2 creatures vanquished.

Vanquished Creatures (others)
  2 dancing weapons
  4 fungi (D:1)
  9 plants
15 creatures vanquished.

Grand Total: 127 creatures vanquished

Notes
Turn   | Place    | Note
-------+----------+-------------------------------------------
     0 | D:1      | Hofan the Spriggan Enchanter began the quest for the Orb.
     0 | D:1      | Reached XP level 1. HP: 9/9 MP: 5/5
   581 | D:2      | Noticed Jessica
   597 | D:2      | Reached XP level 2. HP: 6/13 MP: 7/7
   600 | D:2      | Learned a level 2 spell: Ensorcelled Hibernation
   779 | D:2      | Noticed Terence
   802 | D:2      | Killed Jessica
   803 | D:2      | Reached XP level 3. HP: 16/16 MP: 9/9
   807 | D:2      | Learned a level 3 spell: Tukima's Dance
   811 | D:2      | Learned a level 3 spell: Confusing Touch
   850 | D:2      | Killed Terence
  1318 | D:1      | Reached XP level 4. HP: 21/21 MP: 8/11
  1346 | D:1      | Learned a level 3 spell: Dazzling Flash
  1582 | D:1      | Reached skill level 5 in Hexes
  1610 | D:1      | Found a faded altar of an unknown god.
  2052 | D:1      | Found Ozegeip's Antique Armour Shop.
  2216 | D:2      | Identified the +0 leather armour "Osixki Locs" {*Corrode
                  | rF+ Int+2}
  2911 | D:3      | Identified the +1 robe of Ijuemak {Dex+5}
  3463 | D:3      | Reached XP level 5. HP: 24/24 MP: 13/13
  3648 | D:4      | You fall into a shaft and drop 1 floor!
  3648 | D:5      | Entered Level 5 of the Dungeon
  3672 | D:5      | Reached skill level 5 in Spellcasting
  3841 | D:5      | Noticed an ice beast
  3847 | D:5      | Noticed Grinder
  3852 | D:5      | Killed an ice beast
  3853 | D:5      | Reached skill level 5 in Stealth
  3853 | D:5      | Reached XP level 6. HP: 28/28 MP: 13/15
  4187 | D:4      | Reached skill level 6 in Stealth
  4442 | D:4      | Found a runed translucent door.
  4448 | D:4      | Noticed iamserjio's ghost (weakling TeFE)
  4469 | D:4      | Noticed Robin
  4522 | D:4      | Killed Robin
  4738 | D:4      | Found a snail-covered altar of Cheibriados.
  4920 | D:4      | Found a staircase to the Ecumenical Temple.
  4930 | Temple   | Entered the Ecumenical Temple
  5000 | Temple   | Became a worshipper of Dithmenos the Shadowed
  5052 | D:4      | Reached XP level 7. HP: 32/32 MP: 17/17
  5603 | D:5      | Reached skill level 7 in Stealth
  5699 | D:5      | Paralysed by Grinder for 5 turns
  5939 | D:5      | Paralysed by Grinder for 5 turns
  5949 | D:5      | Killed Grinder
  5950 | D:5      | Reached skill level 8 in Stealth
  6231 | D:6      | HP: 1/32 [white imp (2)]
  6235 | D:6      | Slain by a white imp

Illustrated notes

Levels and vault maps discovered:
D:1:      nzn_arrival_depleted_hourglass, layout_basic, serial_shops, shop,
          dreamdust_ecumenical_altar_grove
D:2:      layout_rooms, lexackson_kobold_supper, uniq_terence, uniq_jessica
D:3:      layout_basic, grunt_ministairs_2, lemuel_old_faithful
D:4:      layout_loops_ring, chei_slow_surprise, lemuel_temple_firewalk_b,
          ebering_ghost_reflecting_pool, uniq_robin
D:5:      layout_basic, hangedman_abyss_or_decor_stagger, uniq_grinder
D:6:      layout_basic, tgw_fedhas, cheibrodos_ashenzari_chains,
          uniq_blork_the_orc, uniq_sigmund
Temple:   dpeg_three_leaves_temple

Skill      XL: |  1  2  3  4  5  6  7 |
---------------+----------------------+-----
Spellcasting   | 3 4 5 6 7 |  7.2
Hexes          | 4 5 6 7 |  7.6
Stealth        | 5 6 8 |  8.2
Short Blades   | |  1.1
Dodging        | |  2.6

Action                   |  1- 3 |  4- 6 |  7- 9 || total
-------------------------+-------+-------+-------++-------
Melee: Dagger            |    63 |   196 |    47 ||   306
       Punch             |     1 |     4 |     1 ||     6
 Cast: Ensorcelled Hiber |     6 |    83 |    14 ||   103
       Confusing Touch   |     1 |     1 |     5 ||     7
       Tukima's Dance    |       |     3 |       ||     3
  Use: Scroll            |       |    10 |       ||    10
       Potion            |       |       |     1 ||     1
 Stab: Sleeping          |     6 |    54 |     6 ||    66
       Confused          |     1 |     2 |     2 ||     5
       Distracted        |       |       |     1 ||     1
Armor: Robe              |    13 |    17 |     5 ||    35
Dodge: Dodged            |    51 |   171 |    22 ||   244

Table legend: (Time is in decaauts)
 A = Elapsed time spent in this place.
 B = Non-inter-level travel time spent in this place.
 C = Inter-level travel time spent in this place.
 D = Time resting spent in this place.
 E = Time spent auto-exploring this place.
 F = Levels seen in this place.
 G = Mean time per level.
                   A        B        C        D        E       F      G
               +--------+--------+--------+--------+--------+-----+--------+
         Total |   4979 |   4878 |    101 |   1588 |   2343 |   7 |  711.3 |
       Dungeon |   4928 |   4835 |     93 |   1588 |   2308 |   6 |  821.3 |
        Temple |     51 |     43 |      8 |      0 |     34 |   1 |   51.0 |
               +--------+--------+--------+--------+--------+-----+--------+

Top non-repeatable levels by time:
     D:2: 1454 daAuts
     D:1: 1024 daAuts
     D:5: 940 daAuts
     D:4: 918 daAuts
     D:3: 570 daAuts
  Temple: 51 daAuts
     D:6: 20 daAuts
